[ PARTIDA AOE2 · #475654978 ]
1v1 RMBohemios vs Poles
Equipo del jugador · DERR
Equipo rival · VICT
[ ANÁLISIS DE REPETICIÓN · EXTRAÍDO DE LA PARTIDA GRABADA ]
Feudal
10:06
Castillos
17:57
Imperial
—
| APM promedio | 38.2 |
| APM pico | 76 |
| eAPM promedio | 20.3 |
| Aldeanos / militares | 48 / 13 |
Foco
⚔️ 32.3% · 🌾 67.7%
Monk ×4 · Spearman ×4 · Hussite Wagon ×2 · Mangonel ×1 · Scorpion ×1 · Battering Ram ×1
Feudal
8:28
Castillos
20:40
Imperial
—
| APM promedio | 46.8 |
| APM pico | 98 |
| eAPM promedio | 27.9 |
| Aldeanos / militares | 79 / 33 |
Foco
⚔️ 40.8% · 🌾 59.2%
Scout Cavalry ×25 · Mangonel ×4 · Battering Ram ×4
Mapa de la partida
Recursos iniciales + cada clic de construcción. Líneas = muros · curvas = relieve. ◆ oro · ⬟ piedra · ● bayas · ✦ reliquia · ◌ hueco del cierre
Tu base· ✓ Cerrada en 17:57 · 6t muro · 2 puerta(s)
Base de Mariano Freudenthal Porteño· ✓ Cerrada en 20:40 · 51t muro · 2 puerta(s)
Terreno inicial suavizado · ◌ = hueco del cierre detectado · pasá el cursor para detalles
Inputs por minuto
— mitrokhin - - Mariano Freudenthal Porteño
Build order — mitrokhin
140 acciones detectadas en el replay
| 0:00 | Crear | Villager (Male) |
| 0:01 | Crear | Villager (Male) |
| 0:01 | Crear | Villager (Male) |
| 0:01 | Crear | Villager (Male) |
| 0:02 | Crear | Villager (Male) |
| 0:02 | Construir | House |
| 0:03 | Construir | House |
| 1:23 | Crear | Villager (Male) |
| 1:23 | Crear | Villager (Male) |
| 1:44 | Construir | Lumber Camp |
| 1:58 | Crear | Villager (Male) |
| 1:58 | Crear | Villager (Male) |
| 2:25 | Crear | Villager (Male) |
| 2:46 | Crear | Villager (Male) |
| 2:46 | Crear | Villager (Male) |
| 3:41 | Crear | Villager (Male) |
| 3:41 | Crear | Villager (Male) |
| 3:41 | Crear | Villager (Male) |
| 3:52 | Construir | House |
| 3:52 | Construir | House |
| 3:53 | Construir | House |
| 4:19 | Crear | Villager (Male) |
| 4:32 | Crear | Villager (Male) |
| 5:08 | Construir | Mill |
| 5:19 | Crear | Villager (Male) |
| 5:20 | Crear | Villager (Male) |
| 5:20 | Crear | Villager (Male) |
| 5:50 | Crear | Villager (Male) |
| 6:15 | Crear | Villager (Male) |
| 6:44 | Construir | Mining Camp |
| 6:53 | Construir | Farm |
| 7:26 | Crear | Villager (Male) |
| 7:43 | Investigar | Feudal Age |
| 8:00 | Construir | Mining Camp |
| 8:21 | Investigar | Loom |
| 8:51 | Crear | Villager (Male) |
| 8:51 | Crear | Villager (Male) |
| 10:06 | Edad | Edad Feudal |
| 11:10 | Construir | Watch Tower |
| 11:21 | Construir | Market |
| 11:22 | Crear | Villager (Male) |
| 11:35 | Construir | Blacksmith |
| 11:45 | Construir | Palisade Wall |
| 12:22 | Crear | Villager (Male) |
| 12:24 | Crear | Villager (Male) |
| 12:28 | Crear | Villager (Male) |
| 12:30 | Construir | Gate |
| 12:36 | Crear | Villager (Male) |
| 12:56 | Crear | Villager (Male) |
| 12:59 | Construir | Farm |
| 13:02 | Construir | Farm |
| 13:03 | Crear | Villager (Male) |
| 13:25 | Construir | Farm |
| 13:40 | Construir | House |
| 13:58 | Construir | Gate |
| 14:01 | Crear | Villager (Male) |
| 14:07 | Crear | Villager (Male) |
| 15:04 | Construir | House |
| 15:13 | Investigar | Castle Age |
| 15:14 | Investigar | Castle Age |
| 15:49 | Construir | Farm |
| 16:07 | Construir | Farm |
| 16:35 | Construir | Palisade Wall |
| 16:39 | Construir | Palisade Wall |
| 16:43 | Construir | Palisade Wall |
| 16:50 | Construir | Palisade Wall |
| 16:54 | Crear | Villager (Male) |
| 16:57 | Crear | Villager (Male) |
| 17:10 | Construir | Farm |
| 17:20 | Crear | Villager (Male) |
| 17:22 | Construir | Watch Tower |
| 17:38 | Construir | Outpost |
| 17:50 | Construir | Outpost |
| 17:57 | Edad | Edad de los Castillos |
| 18:11 | Construir | Castle |
| 18:36 | Investigar | Double-Bit Axe |
| 18:36 | Investigar | Double-Bit Axe |
| 19:23 | Construir | Siege Workshop |
| 19:25 | Crear | Villager (Male) |
| 19:53 | Crear | Hussite Wagon |
| 20:08 | Crear | Scorpion |
| 20:23 | Crear | Villager (Male) |
| 20:50 | Crear | Battering Ram |
| 20:54 | Crear | Mangonel |
| 20:56 | Crear | Villager (Male) |
| 21:03 | Construir | House |
| 21:07 | Construir | House |
| 21:09 | Construir | House |
| 21:37 | Construir | Mining Camp |
| 21:46 | Construir | House |
| 21:50 | Construir | Stone Wall |
| 21:56 | Construir | Palisade Wall |
| 21:58 | Construir | Palisade Wall |
| 22:03 | Construir | Barracks |
| 22:11 | Crear | Villager (Male) |
| 22:17 | Construir | Stone Wall |
| 22:34 | Construir | Stone Wall |
| 22:35 | Construir | Stone Wall |
| 22:35 | Construir | Stone Wall |
| 22:50 | Construir | Monastery |
| 22:55 | Crear | Spearman |
| 22:56 | Crear | Villager (Male) |
| 23:13 | Construir | Palisade Wall |
| 23:17 | Crear | Spearman |
| 23:23 | Construir | House |
| 23:25 | Construir | House |
| 23:29 | Construir | House |
| 23:32 | Crear | Monk |
| 23:35 | Construir | House |
| 23:53 | Crear | Spearman |
| 23:56 | Construir | Palisade Wall |
| 23:57 | Construir | Palisade Wall |
| 23:59 | Construir | Palisade Wall |
| 24:03 | Construir | Palisade Wall |
| 24:16 | Construir | Mining Camp |
| 24:25 | Crear | Villager (Male) |
| 24:25 | Crear | Villager (Male) |
| 25:02 | Crear | Spearman |
| 25:06 | Construir | Monastery |
| 25:23 | Construir | Gate |
| 25:25 | Construir | Stone Wall |
| 25:27 | Construir | Stone Wall |
| 25:35 | Investigar | Sanctity |
| 25:37 | Construir | Monastery |
| 25:46 | Construir | Stone Wall |
| 25:50 | Construir | Stone Wall |
| 26:18 | Construir | Stone Wall |
| 26:27 | Investigar | Redemption |
| 26:29 | Construir | Gate |
| 26:46 | Crear | Villager (Male) |
| 26:52 | Crear | Monk |
| 26:59 | Crear | Villager (Male) |
| 27:01 | Construir | Farm |
| 27:02 | Construir | Farm |
| 27:43 | Crear | Villager (Male) |
| 27:43 | Crear | Villager (Male) |
| 27:48 | Crear | Monk |
| 28:30 | Crear | Monk |
| 29:27 | Construir | House |
| 30:04 | Crear | Hussite Wagon |
Build order — Mariano Freudenthal Porteño
Primeras 150 de 230 acciones detectadas
| 0:01 | Construir | House |
| 0:02 | Construir | House |
| 0:02 | Crear | Villager (Male) |
| 0:11 | Crear | Villager (Male) |
| 0:17 | Crear | Villager (Male) |
| 0:20 | Crear | Villager (Male) |
| 1:33 | Crear | Villager (Male) |
| 1:47 | Construir | Lumber Camp |
| 1:56 | Crear | Villager (Male) |
| 2:20 | Crear | Villager (Male) |
| 2:45 | Crear | Villager (Male) |
| 3:17 | Crear | Villager (Male) |
| 3:19 | Crear | Villager (Male) |
| 3:46 | Crear | Villager (Male) |
| 3:55 | Construir | Mill |
| 3:57 | Crear | Villager (Male) |
| 4:30 | Crear | Villager (Male) |
| 4:56 | Crear | Villager (Male) |
| 5:09 | Crear | Villager (Male) |
| 5:15 | Investigar | Loom |
| 5:16 | Crear | Villager (Male) |
| 5:33 | Crear | Villager (Male) |
| 6:17 | Investigar | Feudal Age |
| 6:42 | Construir | Mining Camp |
| 6:50 | Crear | Villager (Male) |
| 7:00 | Crear | Villager (Male) |
| 7:14 | Crear | Villager (Male) |
| 7:49 | Construir | House |
| 7:50 | Construir | Outpost |
| 7:55 | Crear | Villager (Male) |
| 8:20 | Crear | Villager (Male) |
| 8:28 | Edad | Edad Feudal |
| 8:32 | Construir | Watch Tower |
| 8:38 | Investigar | Double-Bit Axe |
| 8:38 | Investigar | Horse Collar |
| 8:48 | Crear | Villager (Male) |
| 8:51 | Construir | Farm |
| 9:14 | Crear | Villager (Male) |
| 9:19 | Construir | Farm |
| 9:20 | Crear | Villager (Male) |
| 9:30 | Investigar | Town Watch |
| 9:30 | Investigar | Town Watch |
| 9:37 | Construir | House |
| 9:38 | Construir | House |
| 9:40 | Construir | House |
| 9:43 | Crear | Villager (Male) |
| 10:06 | Construir | Farm |
| 10:21 | Crear | Villager (Male) |
| 10:28 | Crear | Villager (Male) |
| 10:31 | Construir | Farm |
| 10:47 | Crear | Villager (Male) |
| 11:04 | Crear | Villager (Male) |
| 11:07 | Construir | Farm |
| 11:11 | Construir | House |
| 11:19 | Crear | Villager (Male) |
| 11:34 | Crear | Villager (Male) |
| 11:35 | Crear | Villager (Male) |
| 12:02 | Construir | Stone Wall |
| 12:03 | Construir | Stone Wall |
| 12:05 | Construir | Stone Wall |
| 12:06 | Investigar | Wheelbarrow |
| 12:21 | Crear | Villager (Male) |
| 12:32 | Construir | Stone Wall |
| 12:43 | Crear | Villager (Male) |
| 12:48 | Construir | Barracks |
| 12:53 | Construir | Barracks |
| 12:58 | Construir | Stone Wall |
| 13:02 | Construir | Stone Wall |
| 13:03 | Construir | Stone Wall |
| 13:05 | Construir | Stone Wall |
| 13:06 | Construir | Stone Wall |
| 13:06 | Construir | Stone Wall |
| 13:11 | Crear | Villager (Male) |
| 13:17 | Crear | Villager (Male) |
| 13:20 | Crear | Villager (Male) |
| 14:10 | Construir | Stable |
| 14:13 | Crear | Villager (Male) |
| 14:16 | Crear | Villager (Male) |
| 14:20 | Crear | Villager (Male) |
| 14:30 | Crear | Villager (Male) |
| 14:33 | Crear | Villager (Male) |
| 14:35 | Construir | Farm |
| 14:42 | Crear | Villager (Male) |
| 14:54 | Crear | Villager (Male) |
| 15:11 | Crear | Villager (Male) |
| 15:48 | Crear | Villager (Male) |
| 15:50 | Construir | Blacksmith |
| 16:15 | Construir | Stone Wall |
| 16:17 | Crear | Villager (Male) |
| 16:22 | Construir | Stone Wall |
| 16:26 | Construir | Stone Wall |
| 16:27 | Construir | Stone Wall |
| 16:28 | Construir | Stone Wall |
| 16:28 | Crear | Villager (Male) |
| 16:33 | Construir | Mill |
| 16:36 | Construir | Mill |
| 16:37 | Construir | Farm |
| 16:41 | Construir | Farm |
| 16:41 | Construir | Farm |
| 16:42 | Construir | Farm |
| 16:56 | Construir | Stone Wall |
| 16:58 | Construir | Stone Wall |
| 17:03 | Construir | Stone Wall |
| 17:03 | Construir | Stone Wall |
| 17:04 | Construir | Stone Wall |
| 17:07 | Construir | Stone Wall |
| 17:09 | Construir | Stone Wall |
| 17:10 | Construir | Stone Wall |
| 17:14 | Construir | Watch Tower |
| 17:17 | Construir | Stone Wall |
| 17:18 | Crear | Villager (Male) |
| 17:20 | Construir | Farm |
| 17:41 | Construir | Stone Wall |
| 17:48 | Construir | Lumber Camp |
| 18:00 | Investigar | Castle Age |
| 18:21 | Crear | Scout Cavalry |
| 18:38 | Crear | Scout Cavalry |
| 18:39 | Crear | Scout Cavalry |
| 18:44 | Investigar | Scale Barding Armor |
| 18:53 | Construir | Stone Wall |
| 19:03 | Construir | Stone Wall |
| 19:08 | Construir | Stone Wall |
| 19:11 | Crear | Scout Cavalry |
| 19:13 | Crear | Villager (Male) |
| 19:28 | Construir | Farm |
| 19:32 | Crear | Scout Cavalry |
| 19:40 | Crear | Villager (Male) |
| 19:58 | Construir | Stable |
| 19:59 | Crear | Villager (Male) |
| 20:11 | Crear | Villager (Male) |
| 20:29 | Crear | Scout Cavalry |
| 20:32 | Crear | Scout Cavalry |
| 20:33 | Crear | Villager (Male) |
| 20:40 | Edad | Edad de los Castillos |
| 20:43 | Construir | Siege Workshop |
| 21:04 | Construir | Watch Tower |
| 21:09 | Investigar | Light Cavalry (upgrade) |
| 21:12 | Crear | Villager (Male) |
| 21:26 | Crear | Scout Cavalry |
| 21:37 | Construir | Stone Wall |
| 21:38 | Construir | Stone Wall |
| 21:42 | Crear | Mangonel |
| 21:43 | Crear | Mangonel |
| 21:43 | Crear | Mangonel |
| 21:46 | Crear | Villager (Male) |
| 21:52 | Crear | Scout Cavalry |
| 21:52 | Crear | Scout Cavalry |
| 21:57 | Construir | House |
| 21:59 | Construir | House |
| 22:04 | Construir | House |
Cronología de la partida
| 8:28 | Mariano Freudenthal Porteño · age_up feudal |
| 10:06 | mitrokhin · age_up feudal |
| 11:45 | mitrokhin · wall_segment Palisade Wall x2 |
| 12:02 | Mariano Freudenthal Porteño · wall_segment Stone Wall x1 |
| 12:03 | Mariano Freudenthal Porteño · wall_segment Stone Wall x1 |
| 12:05 | Mariano Freudenthal Porteño · wall_segment Stone Wall x1 |
| 12:32 | Mariano Freudenthal Porteño · wall_segment Stone Wall x1 |
| 12:48 | Mariano Freudenthal Porteño · first_building Barracks |
| 12:58 | Mariano Freudenthal Porteño · wall_segment Stone Wall x1 |
| 13:02 | Mariano Freudenthal Porteño · wall_segment Stone Wall x1 |
| 13:03 | Mariano Freudenthal Porteño · wall_segment Stone Wall x1 |
| 13:05 | Mariano Freudenthal Porteño · wall_segment Stone Wall x1 |
| 13:06 | Mariano Freudenthal Porteño · wall_segment Stone Wall x1 |
| 13:06 | Mariano Freudenthal Porteño · wall_segment Stone Wall x1 |
| 14:10 | Mariano Freudenthal Porteño · first_building Stable |
| 15:13 | mitrokhin · first_market_buy 100 food |
| 16:15 | Mariano Freudenthal Porteño · wall_segment Stone Wall x1 |
| 16:22 | Mariano Freudenthal Porteño · wall_segment Stone Wall x1 |
| 16:26 | Mariano Freudenthal Porteño · wall_segment Stone Wall x1 |
| 16:27 | Mariano Freudenthal Porteño · wall_segment Stone Wall x1 |
| 16:28 | Mariano Freudenthal Porteño · wall_segment Stone Wall x1 |
| 16:35 | mitrokhin · wall_segment Palisade Wall x1 |
| 16:39 | mitrokhin · wall_segment Palisade Wall x1 |
| 16:43 | mitrokhin · wall_segment Palisade Wall x1 |
| 16:50 | mitrokhin · wall_segment Palisade Wall x1 |
| 16:56 | Mariano Freudenthal Porteño · wall_segment Stone Wall x1 |
| 16:58 | Mariano Freudenthal Porteño · wall_segment Stone Wall x1 |
| 17:03 | Mariano Freudenthal Porteño · wall_segment Stone Wall x1 |
| 17:03 | Mariano Freudenthal Porteño · wall_segment Stone Wall x1 |
| 17:04 | Mariano Freudenthal Porteño · wall_segment Stone Wall x1 |
| 17:07 | Mariano Freudenthal Porteño · wall_segment Stone Wall x1 |
| 17:09 | Mariano Freudenthal Porteño · wall_segment Stone Wall x1 |
| 17:10 | Mariano Freudenthal Porteño · wall_segment Stone Wall x1 |
| 17:17 | Mariano Freudenthal Porteño · wall_segment Stone Wall x1 |
| 17:41 | Mariano Freudenthal Porteño · wall_segment Stone Wall x1 |
| 17:57 | mitrokhin · age_up castle |
| 18:03 | mitrokhin · first_market_sell 500 food |
| 18:11 | mitrokhin · first_building Castle |
| 18:53 | Mariano Freudenthal Porteño · wall_segment Stone Wall x8 |
| 19:03 | Mariano Freudenthal Porteño · wall_segment Stone Wall x7 |
| 19:08 | Mariano Freudenthal Porteño · wall_segment Stone Wall x11 |
| 19:23 | mitrokhin · first_building Siege Workshop |
| 20:40 | Mariano Freudenthal Porteño · age_up castle |
| 20:43 | Mariano Freudenthal Porteño · first_building Siege Workshop |
| 21:37 | Mariano Freudenthal Porteño · wall_segment Stone Wall x1 |
| 21:38 | Mariano Freudenthal Porteño · wall_segment Stone Wall x1 |
| 21:50 | mitrokhin · wall_segment Stone Wall x8 |
| 21:56 | mitrokhin · wall_segment Palisade Wall x2 |
| 21:58 | mitrokhin · wall_segment Palisade Wall x1 |
| 22:03 | mitrokhin · first_building Barracks |
| 22:13 | Mariano Freudenthal Porteño · wall_segment Palisade Wall x1 |
| 22:17 | mitrokhin · wall_segment Stone Wall x1 |
| 22:34 | mitrokhin · wall_segment Stone Wall x1 |
| 22:35 | mitrokhin · wall_segment Stone Wall x1 |
| 22:35 | mitrokhin · wall_segment Stone Wall x1 |
| 22:50 | mitrokhin · first_building Monastery |
| 23:13 | mitrokhin · wall_segment Palisade Wall x1 |
| 23:56 | mitrokhin · wall_segment Palisade Wall x1 |
| 23:57 | mitrokhin · wall_segment Palisade Wall x1 |
| 23:59 | mitrokhin · wall_segment Palisade Wall x2 |
| 24:03 | mitrokhin · wall_segment Palisade Wall x1 |
| 25:25 | mitrokhin · wall_segment Stone Wall x1 |
| 25:27 | mitrokhin · wall_segment Stone Wall x1 |
| 25:46 | mitrokhin · wall_segment Stone Wall x1 |
| 25:50 | mitrokhin · wall_segment Stone Wall x7 |
| 26:18 | mitrokhin · wall_segment Stone Wall x1 |
| 30:17 | Mariano Freudenthal Porteño · first_building Castle |
| 30:43 | mitrokhin · resign |
[ ANÁLISIS IA · 1 CRÉDITO ]
¿Qué pasó realmente en esta partida?
Wolo.gg analiza cada decisión: build order, eco, micro, errores típicos por bracket. Análisis personalizado por WhatsApp o Discord en 30 segundos.
Guía civ
Bohemios
Guía mapa
Arena
Perfil
Jugador #5333450